 Dungeon Crawl Stone Soup version 0.25-a0-927-g39f137c8b7 (webtiles) character file.

Game seed: 5347823371319216316, levelgen mode: deterministic

4856 Maedhros the Martial Artist (level 10, -11/74 HPs)
             Began as an Octopode Artificer on May 3, 2020.
             Was the Champion of Jiyva.
             Mangled by a yak (18 damage)
             ... on level 10 of the Dungeon.
             The game lasted 00:19:49 (11280 turns).

Maedhros the Martial Artist (Octopode Artificer)   Turns: 11280, Time: 00:19:49

Health: -11/74     AC:  1    Str:  9 (13) XL:     10   Next: 50%
Magic:  8/12       EV: 16    Int:  7 (8)  God:    Jiyva [******]
Gold:   286        SH:  0    Dex:  9 (18) Spells: 5/9 levels left

rFire    . . .     SeeInvis .     - Unarmed
rCold    + . .     Gourm    .   (no shield)
rNeg     . . .     Faith    +   (helmet restricted)
rPois    .         Spirit   .   d - amulet of faith
rElec    +         Reflect  .   g - ring of protection from cold
rCorr    +         Harm     .   (no ring)
MR       .....                  (no ring)
Stlth    +++.......             (no ring)
HPRegen  0.22/turn              (no ring)
MPRegen  0.13/turn              (no ring)
                                (no ring)
                                (no ring)

@: mighty, slimy, marked, berserk cooldown, slowed, very slow
A: almost no armour, stealthy swim, amphibious, 8 rings, constrict 8, camouflage
1, clumsy 1, robust 1, electricity resistance, eyeballs 1, gelatinous body 1,
jelly absorbing missiles
a: Request Jelly, Slimify, Cure Bad Mutation, Renounce Religion


You were on level 10 of the Dungeon.
You worshipped Jiyva.
Jiyva was exalted by your worship.
You were completely stuffed.

You visited 2 branches of the dungeon, and saw 11 of its levels.

You collected 376 gold pieces.
You spent 90 gold pieces at shops.

Inventory:

Missiles
 u - 69 arrows
 A - 23 sling bullets
Jewellery
 d - an amulet of faith (around mantle)
 g - a ring of protection from cold (left tentacle)
Wands
 h - a wand of digging (5)
 m - a wand of clouds (4)
 y - a wand of flame (25)
 B - a wand of random effects (21)
Scrolls
 a - a scroll of remove curse {unknown}
 b - a scroll of fog {unknown}
 e - a scroll of blinking {unknown}
 i - a scroll of amnesia
 j - 2 scrolls of magic mapping
 l - a scroll of random uselessness {unknown}
 n - 5 scrolls of identify
 o - a scroll of teleportation {unknown}
 q - a scroll of immolation {unknown}
 r - 2 scrolls of fear {unknown}
 s - 2 scrolls of enchant weapon {unknown}
 w - a scroll of holy word {unknown}
 x - a scroll of brand weapon {unknown}
Potions
 p - a potion of degeneration
 v - a potion of stabbing {unknown}
 z - a potion of cancellation {unknown}
Comestibles
 f - 10 rations


   Skills:
 + Level 6.0 Fighting
   Level 1.0 Short Blades
 * Level 7.4 Dodging
 - Level 4.0 Stealth
 - Level 10.9 Unarmed Combat
 * Level 3.1 Air Magic
 - Level 3.2 Evocations


You had 5 spell levels left.
You knew the following spells:

 Your Spells              Type           Power        Failure   Level  Hunger
a - Airstrike             Air            #.........   77%         4    #####..

Your spell library contained the following spells:

 Spells                   Type           Power        Failure   Level  Hunger
 Shroud of Golubria       Chrm/Tloc      #.....       56%         2    ###....
 Conjure Ball Lightning   Conj/Air       #.........   100%        6    #######
 Controlled Blink         Tloc           N/A          100%        8    #######


Dungeon Overview and Level Annotations

Branches:
Dungeon (10/15)            Temple (1/1) D:6
   Lair: D:8-11         Orc: D:9-12

Altars:
Ashenzari
Cheibriados
Dithmenos
Elyvilon
Fedhas
Gozag
Hepliaklqana
Kikubaaqudgha
Makhleb
Nemelex Xobeh
Okawaru
Qazlal
Ru
Sif Muna
Trog
Uskayaw
Vehumet
Wu Jian
Xom
Yredelemnul
Zin
The Shining One
Jiyva

Annotations:
D:5 3 runed translucent doors, Maedhros's ghost, amateur OpAr


Innate Abilities, Weirdness & Mutations

You cannot wear most types of armour.
You are very stealthy in the water. (Stealth+)
You are amphibious.
You can wear up to eight rings at the same time.
You can use your tentacles to constrict eight enemies at once.
Your skin changes colour to match your surroundings (Stealth+).
Your rubbery body absorbs attacks. (AC +1, EV +1)
You are clumsy. (Dex -2)
You are robust. (+10% HP)
You are resistant to electric shocks. (rElec)
Your body has grown golden eyes which may confuse attackers. (Acc +3)
You have a small jelly attached to you that may absorb incoming projectiles.


Message History

There was something very wrong with that liquid.
You feel weakened.
You feel dopey.
You feel clumsy. The yak gores your yak!
Your yak dies!
You feel your dexterity returning.
It was a potion of might.
You feel very mighty all of a sudden. The yak closely misses you.
Evoke which item? (* to show all) (? for menu, Esc to quit)
You don't have any such object.
Evoke which item? (* to show all) (? for menu, Esc to quit)
Okay, then.
Evoke which item? (* to show all) (? for menu, Esc to quit)
Okay, then.
Okay, then.
Okay, then.
Okay, then.
A thick mucus forms on your tentacles. The yak gores you!!
You die...

..#.###......##........
###
......................##
.....#.....######..####
#..........## #...
.#..........# #..#
.....######.###..#
.#....#####.##..#
...#...........########.
.#.##.....##....@YY.....
##........##...########.
###......###..#
#####...##### #...#
#...# #...# #####


You could see 2 yaks.

Vanquished Creatures
  A wraith (D:10)
  Sigmund (D:4)
  4 yaks
  Eustachio (D:5)
  A water moccasin (D:7)
  A black bear (D:7)
  An ice beast (D:9)
  A sky beast (D:7)
  Duvessa (D:4)
  2 orc warriors
  7 ogres
  3 phantoms
  A centaur (D:5)
  6 bullfrogs
  Blork the orc (D:5)
  Dowan (D:4)
  2 scorpions
  3 killer bees (D:10)
  4 crimson imps
  3 hounds
  A centaur zombie (D:10)
  3 orc priests
  An iron imp (D:7)
  5 orc wizards
  A bullfrog skeleton (D:6)
  2 iguanas
  10 worker ants
  A hound zombie (D:6)
  A hound skeleton (D:10)
  11 adders
  6 gnolls
  A shadow imp (D:8)
  An ooze (D:3)
  An adder zombie (D:7)
  A worm (D:4)
  5 dart slugs
  2 leopard geckos (D:9)
  16 orcs
  4 giant cockroaches
  4 hobgoblins
  15 jackals
  2 quokkas (D:6)
  2 bats
  4 frilled lizards
  9 goblins
  4 kobolds
  A quokka skeleton (D:6)
  7 rats
166 creatures vanquished.

Vanquished Creatures (collateral kills)
  A sky beast (D:5)
  Ijyb (D:5)
  A gnoll (D:4)
  2 orcs
5 creatures vanquished.

Vanquished Creatures (others)
  Joseph (D:10)
  A centaur skeleton (D:10)
  A centaur simulacrum (D:10)
  2 yaks (D:10)
  A sky beast (D:8)
  An ogre (D:3)
  A scorpion (D:2)
  2 hounds
  A gnoll shaman (D:8)
  13 jellies
  A bullfrog skeleton (D:10)
  An orc wizard (D:9)
  Robin (D:2)
  3 adders
  5 gnolls
  A shadow imp (D:2)
  An adder zombie (D:8)
  An adder skeleton (D:6)
  2 dart slugs (D:1)
  A leopard gecko (D:1)
  7 goblins
  2 hobgoblins
  3 jackals
  A frilled lizard (D:3)
  A giant cockroach simulacrum (D:5)
  A quokka skeleton (D:9)
56 creatures vanquished.

Grand Total: 227 creatures vanquished

Notes
Turn   | Place    | Note
-------+----------+-------------------------------------------
     0 | D:1      | Maedhros the Octopode Artificer began the quest for the
                  | Orb.
     0 | D:1      | Reached XP level 1. HP: 13/13 MP: 3/3
     6 | D:1      | Noticed a swamp drake
     6 | D:1      | Noticed a crocodile
     6 | D:1      | Noticed a black bear
     7 | D:1      | Noticed a water moccasin
    70 | D:2      | Found a white marble altar of Elyvilon.
    99 | D:2      | Noticed a worker ant
   105 | D:2      | Killed a worker ant
   105 | D:2      | Reached XP level 2. HP: 18/18 MP: 4/4
   105 | D:2      | Reached XP level 3. HP: 23/23 MP: 5/5
   111 | D:2      | Reached skill level 1 in Unarmed Combat
   148 | D:2      | Noticed a scorpion
   296 | D:2      | Noticed Robin
   327 | D:2      | Reached skill level 2 in Unarmed Combat
   366 | D:3      | Reached XP level 4. HP: 21/28 MP: 6/6
   427 | D:4      | Noticed a phantom
   513 | D:4      | Noticed Dowan
   517 | D:5      | Entered Level 5 of the Dungeon
   542 | D:5      | Found a runed translucent gate.
   542 | D:5      | Found a runed translucent gate.
   542 | D:5      | Found a runed translucent gate.
   582 | D:5      | Noticed a phantom
   597 | D:5      | Noticed an ogre
   603 | D:5      | Noticed Ijyb
   608 | D:5      | Killed Ijyb
   609 | D:5      | Killed a phantom
   609 | D:5      | Reached skill level 4 in Unarmed Combat
   609 | D:5      | Reached XP level 5. HP: 20/33 MP: 7/7
   625 | D:5      | Noticed an ogre
   635 | D:5      | Noticed a sky beast
   649 | D:5      | Killed a sky beast
   743 | D:5      | HP: 1/33 [ogre/cursed -2 giant club (20)]
   745 | D:5      | Killed an ogre
   745 | D:5      | Reached skill level 5 in Unarmed Combat
   745 | D:5      | Reached XP level 6. HP: 7/38 MP: 8/8
   948 | D:5      | Found an ancient bone altar of Kikubaaqudgha.
   948 | D:5      | Noticed Blork the orc
   957 | D:5      | Killed Blork the orc
   962 | D:5      | Reached skill level 6 in Unarmed Combat
  1088 | D:4      | Noticed a +0 dagger
  1089 | D:4      | Noticed a +0 dagger
  1092 | D:4      | Found a hide-covered altar of Uskayaw.
  1110 | D:4      | Noticed Sigmund
  1125 | D:4      | Found an ancient bone altar of Kikubaaqudgha.
  1188 | D:5      | Noticed Eustachio
  1208 | D:5      | Killed Eustachio
  1208 | D:5      | Reached skill level 7 in Unarmed Combat
  1208 | D:5      | Reached XP level 7. HP: 28/43 MP: 9/9
  1484 | D:5      | Noticed Maedhros's ghost (amateur OpAr)
  1592 | D:5      | Killed an ogre
  1592 | D:5      | Reached skill level 8 in Unarmed Combat
  1631 | D:5      | Found a radiant altar of Vehumet.
  1854 | D:6      | Reached XP level 8. HP: 39/48 MP: 10/10
  1958 | D:6      | Found a staircase to the Ecumenical Temple.
  1977 | Temple   | Entered the Ecumenical Temple
  2042 | Temple   | Became a worshipper of Xom of Chaos
  2048 | Temple   | Fell from the grace of Xom
  2048 | Temple   | Became a worshipper of Jiyva Joebabry the Shapeless
  2142 | D:4      | Noticed Duvessa
  2433 | D:1      | Reached * piety under Jiyva
  2875 | D:2      | Killed Robin
  2883 | D:2      | Reached ** piety under Jiyva
  3403 | D:3      | Found Zin's Purification Station.
  3404 | D:3      | Found a glowing silver altar of Zin.
  3420 | D:3      | Bought a potion of curing for 90 gold pieces
  3459 | D:3      | Reached *** piety under Jiyva
  3853 | D:4      | Reached skill level 9 in Unarmed Combat
  3855 | D:4      | Gained mutation: You expend magic power (3 MP) to
                  | strengthen your wands. [Jiyva's grace]
  3907 | D:4      | Identified the Papyrus of Feathers and the Traveller
  3978 | D:4      | Killed Duvessa
  3989 | D:4      | Killed Dowan
  4169 | D:4      | Reached **** piety under Jiyva
  4176 | D:4      | XOM: polymorph jelly -> howler monkey
  4193 | D:4      | Found a hazy altar of Hepliaklqana.
  4228 | D:4      | Gained mutation: You are robust. (+10% HP) [Jiyva's grace]
  4242 | D:4      | Killed Sigmund
  4440 | D:6      | Found a burning altar of Makhleb.
  4443 | D:6      | Found a shattered altar of Ashenzari.
  4445 | D:6      | Found an opulent altar of Gozag.
  4571 | D:6      | Found a sacrificial altar of Ru.
  4696 | D:7      | Found a snail-covered altar of Cheibriados.
  4704 | D:7      | Reached XP level 9. HP: 57/61 MP: 11/11
  4809 | D:7      | Reached skill level 10 in Unarmed Combat
  4825 | D:7      | Noticed Maggie
  4827 | D:7      | Noticed Maggie
  4827 | D:7      | Maggie changed into Maggie the tengu
  4828 | D:7      | Noticed Maggie
  4828 | D:7      | Maggie the tengu changed into Maggie the black bear
  4836 | D:7      | Killed Maggie the black bear
  5046 | D:7      | Found a glowing golden altar of the Shining One.
  5162 | D:7      | Gained mutation: You are clumsy. (Dex -2) [Jiyva's grace]
  5166 | D:7      | Reached ***** piety under Jiyva
  5188 | D:7      | Gained mutation: Your muscles are strong. (Str +2) [Jiyva's
                  | grace]
  5435 | D:8      | Gained mutation: Your body has grown golden eyes which may
                  | confuse attackers. (Acc +3) [Jiyva's grace]
  5541 | D:8      | XOM: divination: detect items
  5572 | D:8      | Gained mutation: You have a small jelly attached to you
                  | that may absorb incoming projectiles. [Jiyva's grace]
  5575 | D:8      | Found an iron altar of Okawaru.
  5713 | D:9      | Reached skill level 5 in Dodging
  5806 | D:9      | Reached ****** piety under Jiyva
  5858 | D:9      | Gained mutation: Your body has grown many golden eyes which
                  | may confuse attackers. (Acc +5) [Jiyva's grace]
  6042 | D:9      | Reached skill level 5 in Fighting
  6115 | D:9      | Gained mutation: You are resistant to electric shocks.
                  | (rElec) [Jiyva's grace]
  6153 | D:9      | Reached XP level 10. HP: 72/72 MP: 12/12
  6239 | D:9      | XOM: polymorph jelly -> river rat
  6278 | D:9      | XOM: noise
  6426 | D:8      | XOM: stat loss: -3 Str (10/13)
  6769 | D:7      | XOM: cloud trail
  7235 | D:6      | Gained mutation: You passively map a small area around you.
                  | [Jiyva's grace]
  7242 | D:6      | Learned a level 4 spell: Airstrike
  7942 | D:5      | XOM: stat loss: -2 Str (6/11)
  8398 | D:5      | XOM: scenery: create altars
  8538 | D:5      | XOM: summons 1 hostile shadow creature
  8779 | D:5      | XOM: give mutations
  8779 | D:5      | Gained mutation: Your body sometimes deteriorates upon
                  | taking damage. [Xom's mischief]
  8779 | D:5      | Lost mutation: You passively map a small area around you.
                  | [Xom's mischief]
  8779 | D:5      | Lost mutation: Your body has grown many golden eyes which
                  | may confuse attackers. (Acc +5) [Xom's mischief]
  9101 | D:5      | Lost mutation: Your body sometimes deteriorates upon taking
                  | damage. [Jiyva's power]
  9241 | D:4      | XOM: stat loss: -3 Dex (15/18)
  9466 | D:4      | XOM: summons 9 hostile demons
 10402 | D:2      | XOM: summons 5 hostile demons
 10874 | D:9      | Lost mutation: You expend magic power (3 MP) to strengthen
                  | your wands. [Jiyva's grace]
 10937 | D:10     | Entered Level 10 of the Dungeon
 10946 | D:10     | Reached skill level 1 in Air Magic
 10952 | D:10     | Found a sacrificial altar of Ru.
 10952 | D:10     | Noticed Joseph
 11006 | D:10     | Killed Joseph
 11154 | D:10     | Lost mutation: Your muscles are strong. (Str +2) [Jiyva's
                  | grace]
 11280 | D:10     | Mangled by a yak

Levels and vault maps discovered:
D:1:      onia_arrival_zoo_common, layout_basic
D:2:      layout_basic, nicolae_overflow_crystal_walls, hex_intersection,
          minmay_tetromino_o4, uniq_robin
D:3:      layout_loops_ring, zin_purify, st_stairs_7
D:4:      layout_basic, kennysheep_mini_moat, dancing_weapons_uskayaw,
          kiku_gazebo_pond_becter, first_ration, kennysheep_generic_room_15,
          uniq_sigmund, uniq_duvessa
D:5:      layout_loops_ring, kennysheep_little_box, basic_altar,
          gammafunk_ghost_icy, skrybe_limestone_x, uniq_blork_the_orc,
          uniq_eustachio, uniq_ijyb
D:6:      layout_loops_ring, marbit_many_paths, grunt_temple_overflow_open,
          minmay_temple_entry_trees
D:7:      layout_basic, kennysheep_mini, slow_altar_1, uniq_maggie
D:8:      layout_basic, okawaru_altar_gauntlet_db
D:9:      layout_irregular_city
D:10:     layout_rooms, nicolae_ru_awakened_eye, uniq_joseph
Temple:   pf_slimified_temple

Skill      XL: |  1  2  3  4  5  6  7  8  9 10 |
---------------+-------------------------------+-----
Stealth        | 4 |  4.0
Unarmed Combat | 2 4 5 7 8 9 10 | 10.9
Fighting       | 3 5 6 |  6.0
Dodging        | 3 5 7 |  7.4
Air Magic      | 3 |  3.1
Short Blades   | |  1.0
Evocations     | |  3.2

Action                   |  1- 3 |  4- 6 |  7- 9 | 10-12 || total
-------------------------+-------+-------+-------+-------++-------
Melee: Short sword       |    31 |    38 |    21 |       ||    90
       Constrict         |    11 |     9 |    73 |    14 ||   107
       Tentacles         |     5 |    11 |    70 |    17 ||   103
       Punch             |     2 |     1 |    24 |    12 ||    39
       Unarmed           |       |       |   317 |   115 ||   432
Invok: Slimify           |       |       |     1 |     1 ||     2
       Cure Bad Mutation |       |       |       |     1 ||     1
Evoke: Wand              |     6 |    36 |    10 |     4 ||    56
  Use: Potion            |       |     1 |     7 |     4 ||    12
       Scroll            |       |       |     3 |       ||     3
 Stab: Sleeping          |     2 |     3 |    20 |     1 ||    26
       Distracted        |       |       |     2 |       ||     2
       Confused          |       |       |       |     5 ||     5
  Eat: Ration            |       |       |     1 |       ||     1
       Chunk             |       |       |     4 |       ||     4
Armor: Skin              |     2 |       |    14 |     5 ||    21
Dodge: Dodged            |    24 |    21 |   163 |    80 ||   288

Table legend:
 A = Non-vault XP
 B = Vault XP
 C = Vault XP percentage of total XP
 D = Non-vault monster count
 E = Vault monster count
 F = Vault count percentage of total count
                 A         B        C        D         E       F
            +---------+---------+-------+---------+---------+-------
      Total |    5263 |    1675 |  24.1 |     150 |      24 |  13.8
            +---------+---------+-------+---------+---------+-------
        D:1 |      34 |       0 |   0.0 |      19 |       0 |   0.0
        D:2 |      42 |      58 |  58.0 |      15 |       7 |  31.8
        D:3 |      33 |       0 |   0.0 |      11 |       0 |   0.0
        D:4 |     311 |     431 |  58.1 |      12 |       4 |  25.0
        D:5 |     723 |     306 |  29.7 |      12 |       3 |  20.0
        D:6 |     408 |       1 |   0.2 |      18 |       1 |   5.3
        D:7 |     770 |     176 |  18.6 |      15 |       2 |  11.8
        D:8 |     501 |      83 |  14.2 |       8 |       6 |  42.9
        D:9 |    1426 |       0 |   0.0 |      25 |       0 |   0.0
       D:10 |    1015 |     620 |  37.9 |      15 |       1 |   6.2
            +---------+---------+-------+---------+---------+-------
